Map: Eternal Empire LE

Players

HellraiseR - Winner!

  • Race: Protoss Protoss
  • League: Grandmaster
  • Spawn Location: 7:00

Rail

  • Race: Protoss Protoss
  • League: Grandmaster
  • Spawn Location: 1:00

Event: DreamHack SC2 Masters 2020 Summer Europe

VOD

Have the link to the VOD?

Description

Time

  • Played on: July 5, 2020, 10:31 a.m.
  • Length: 16:37

All games in this series

Show
View Real Time Build Order
Export as new Build Order

HellraiseR Protoss - Winner!

Build Orders: Blink Stalkers, Zealot Archon 

Get SALT Encoding   

  12  0:00  Probe  
  13  0:12  Probe  
  14  0:18  Pylon  
  14  0:24  Probe  
  15  0:32  Probe  
  15  0:38  Gateway  
  15  0:40  Probe  
  16  0:46  Assimilator  
  17  0:51  Probe  
  17  0:55  Assimilator  
  18  0:59  Probe  
  19  1:07  Probe  
  19  1:10  Gateway  
  19  1:17  Probe  
  20  1:25  Cybernetics Core  
  21  1:29  Probe  
  22  1:34  Pylon  
  22  1:42  Probe  
  23  1:54  Probe  
  24  2:01  Adept x2, Warp Gate  
  28  2:10  Pylon  
  28  2:24  Probe  
  29  2:31  Adept x2  
  33  2:48  Nexus  
  33  3:01  Stalker x2  
  37  3:10  Shield Battery  
  37  3:18  Twilight Council  
  37  3:24  Pylon  
  37  3:27  Probe  
  38  3:39  Probe  
  39  3:46  Blink  
  39  3:50  Stalker  
  39  3:51  Stalker, Probe  
  42  3:57  Probe  
  42  4:00  Probe  
  43  4:05  Probe  
  43  4:08  Probe  
  45  4:14  Probe  
  44  4:18  Probe  
  46  4:26  Probe  
  46  4:27  Stalker  
  46  4:30  Probe  
  50  4:33  Forge  
  48  4:38  Probe  
  48  4:41  Sentry  
  48  4:42  Probe  
  48  4:44  Protoss Ground Weapons Level 1  
  52  4:50  Probe  
  53  4:54  Probe  
  53  4:55  Stalker  
  54  5:01  Shield Battery  
  54  5:02  Probe  
  54  5:06  Stalker, Probe  
  58  5:10  Pylon  
  58  5:15  Pylon, Probe  
  58  5:18  Stalker, Probe  
  62  5:29  Assimilator  
  62  5:34  Assimilator, Probe x2  
  64  5:37  Gateway  
  64  5:39  Gateway  
  64  5:46  Gateway, Templar Archives  
  64  5:49  Charge  
  64  5:55  Gateway  
  64  5:59  Gateway  
  64  6:07  Pylon  
  64  6:08  Stalker  
  66  6:12  Protoss Ground Weapons Level 2  
  66  6:14  Zealot  
  66  6:16  Pylon  
  66  6:18  Gateway  
  68  6:22  Pylon  
  68  6:31  High Templar  
  70  6:34  High Templar  
  70  6:36  Zealot x2  
  74  6:41  Archon  
  74  6:44  High Templar  
  76  6:50  Pylon  
  76  6:53  High Templar  
  78  6:54  Zealot  
  78  6:57  Pylon  
  78  6:58  Archon  
  78  6:59  Zealot x2  
  84  7:06  Zealot  
  84  7:07  Zealot  
  88  7:20  Zealot x5  
  98  7:36  High Templar  
  100  7:37  High Templar  
  100  7:39  Probe  
  100  7:40  Probe  
  100  7:43  Nexus  
  104  7:55  High Templar x2  
  104  7:56  Pylon, Archon, Zealot x2  
  112  7:59  Archon  
  112  8:03  Zealot x2  
  116  8:12  Zealot  
  118  8:19  Zealot x3  
  122  8:25  Shield Battery  
  122  8:32  Stalker x2  
  126  8:37  Pylon x3  
  125  8:46  Zealot  
  109  8:50  Zealot x3  
  109  8:54  Zealot x2  
  102  9:00  Zealot x2  
  84  9:07  Protoss Ground Weapons Level 3  
  80  9:14  Nexus  
  80  9:22  Robotics Facility  
  80  9:25  High Templar x3  
  80  9:26  High Templar  
  80  9:29  Zealot x2  
  80  9:30  Archon x2  
  92  9:38  Stalker x2  
  92  9:45  Probe  
  98  9:51  Probe  
  98  9:58  Pylon  
  98  9:59  Probe  
  99  10:03  Probe  
  100  10:07  High Templar  
  100  10:08  High Templar  
  100  10:12  Archon  
  104  10:19  Probe  
  104  10:20  Shield Battery  
  104  10:21  Probe  
  105  10:23  Probe  
  107  10:29  Probe  
  107  10:31  Probe x2  
  107  10:33  Assimilator  
  110  10:36  Robotics Bay  
  110  10:37  Assimilator, Observer, Probe  
  110  10:42  Probe  
  112  10:43  Probe  
  115  10:50  Probe  
  115  10:54  Probe  
  115  10:55  Shield Battery, Probe  
  117  10:59  Pylon  
  117  11:03  High Templar x2, Zealot x2  
  117  11:04  Zealot x3  
  131  11:07  Archon  
  131  11:09  Pylon  
  132  11:15  Disruptor  
  134  11:33  Stalker x5  
  134  11:34  Shield Battery  
  134  11:35  Pylon  
  144  11:50  Disruptor, Pylon  
  147  11:57  Zealot x7  
  157  12:20  Disruptor  
  154  12:22  Stalker  
  154  12:23  Stalker x6  
  149  12:42  Pylon  
  143  12:45  Stalker  
  143  12:46  Warp Prism, Stalker x4  
  143  12:48  Stalker  
  157  12:59  Photon Cannon  
  157  13:09  Stalker  
  157  13:10  Stalker x3  
  157  13:12  Stalker  
  167  13:22  Observer  
  145  13:44  High Templar x6, Zealot  
  145  13:48  Archon x2  
  159  13:49  Archon  
  159  13:52  Gateway  
  159  13:58  Probe  
  159  14:00  Pylon, Nexus, Observer  
  160  14:09  Disruptor  
  160  14:17  Stalker x2  
  160  14:18  Zealot x5  
  177  14:30  Colossus  
  177  14:37  Probe  
  178  14:45  Observer  
  180  14:54  Probe  
  180  14:55  Probe x2  
  180  14:58  Photon Cannon  
  183  15:00  Shield Battery  
  183  15:01  Photon Cannon  
  183  15:02  Robotics Facility  
  183  15:06  Probe  
  184  15:11  Colossus  
  184  15:15  Observer  
  188  15:48  Zealot x6  
  188  15:49  Shield Battery  
  200  15:52  Pylon  
  200  15:53  Photon Cannon  
  194  16:04  Observer  
  194  16:08  Zealot x5  
  177  16:21  Zealot x3  
  160  16:30  Zealot x5  
Show
View Real Time Build Order
Export as new Build Order

Rail Protoss 

Build Orders: Oracle Opening, Zealot Archon 

Get SALT Encoding   

  12  0:00  Probe  
  13  0:12  Probe  
  14  0:17  Pylon  
  14  0:23  Probe  
  15  0:31  Probe  
  15  0:38  Gateway  
  15  0:40  Probe  
  16  0:46  Assimilator  
  17  0:51  Probe  
  17  0:55  Assimilator  
  18  0:59  Probe  
  19  1:07  Probe  
  19  1:08  Gateway  
  19  1:17  Probe  
  20  1:25  Cybernetics Core  
  21  1:29  Probe  
  22  1:35  Pylon  
  22  1:41  Probe  
  23  1:52  Warp Gate  
  23  1:53  Probe  
  24  2:01  Stalker  
  24  2:02  Sentry  
  24  2:06  Probe  
  29  2:11  Pylon  
  29  2:26  Stargate  
  29  2:34  Stalker  
  31  2:48  Nexus  
  31  2:55  Probe  
  32  2:59  Oracle  
  32  3:04  Shield Battery  
  36  3:15  Probe  
  36  3:21  Pylon  
  36  3:30  Robotics Facility, Probe  
  37  3:40  Stalker  
  39  3:42  Probe  
  40  3:53  Probe  
  41  3:57  Forge  
  41  4:00  Probe  
  41  4:01  Probe  
  42  4:09  Probe x2  
  45  4:19  Protoss Ground Weapons Level 1  
  45  4:20  Probe  
  45  4:21  Immortal, Probe  
  51  4:30  Sentry  
  53  4:34  Probe x2  
  55  4:46  Probe  
  55  4:49  Twilight Council  
  55  4:50  Probe  
  56  4:53  Pylon  
  56  4:58  Probe  
  57  5:03  Immortal, Probe  
  57  5:06  Pylon  
  62  5:09  Assimilator  
  62  5:12  Assimilator  
  62  5:14  Charge  
  62  5:15  Probe  
  62  5:16  Probe  
  64  5:27  Probe  
  66  5:28  Probe  
  66  5:33  Gateway x2  
  66  5:39  Probe  
  68  5:42  Observer  
  68  5:44  Pylon  
  68  5:46  Probe  
  69  5:52  Gateway  
  69  5:53  Gateway  
  69  5:57  Pylon  
  69  6:02  Templar Archives  
  69  6:06  Warp Prism  
  71  6:13  Gateway  
  71  6:19  Gateway  
  71  6:21  Probe  
  72  6:30  Pylon  
  72  6:42  High Templar x2  
  72  6:44  Nexus, Zealot  
  72  6:46  Archon  
  78  6:51  Zealot x2  
  82  6:56  Zealot  
  82  6:57  Pylon  
  84  7:07  Pylon  
  84  7:11  High Templar x2, Zealot  
  84  7:12  Zealot  
  84  7:13  Observer, Zealot  
  95  7:15  Archon  
  95  7:18  Probe x2  
  96  7:30  Probe  
  96  7:34  High Templar x2, Zealot  
  96  7:35  Zealot x2  
  107  7:37  Pylon  
  107  7:39  Archon  
  107  7:41  Zealot  
  109  7:48  Zealot x2  
  113  8:00  High Templar x2  
  113  8:01  Zealot  
  113  8:04  Archon, Zealot  
  121  8:06  Zealot x2  
  121  8:09  Zealot x2  
  129  8:24  Zealot x2  
  133  8:28  Zealot  
  133  8:29  Zealot  
  133  8:30  High Templar x2  
  141  8:35  Archon  
  141  8:39  Pylon  
  141  8:40  Pylon  
  141  8:46  Zealot  
  137  8:51  Zealot x3  
  137  8:55  Zealot  
  76  9:02  Zealot  
  76  9:05  Probe  
  73  9:13  Immortal  
  75  9:20  High Templar x2, Zealot x2  
  75  9:22  Probe x2  
  75  9:23  Shield Battery  
  85  9:25  Archon  
  85  9:26  Zealot x2  
  85  9:29  High Templar x2, Shield Battery  
  93  9:33  Archon  
  93  9:35  Protoss Ground Weapons Level 2  
  93  9:40  Zealot  
  93  9:41  Zealot  
  97  9:47  Zealot x3  
  103  9:54  Assimilator  
  103  9:55  Assimilator  
  103  9:57  High Templar x2  
  103  9:58  Zealot x2  
  111  10:02  Archon  
  111  10:06  Probe, Pylon  
  113  10:07  Probe  
  113  10:10  Probe  
  113  10:13  Zealot  
  116  10:18  Probe  
  117  10:21  Observer, Probe  
  117  10:23  Photon Cannon  
  117  10:24  Observer  
  117  10:26  Photon Cannon  
  117  10:28  Photon Cannon  
  118  10:35  Gateway  
  118  10:36  Gateway  
  118  10:39  Sentry  
  118  10:40  High Templar x2  
  124  10:44  Archon  
  124  10:47  Sentry, Zealot  
  124  10:48  Zealot  
  130  10:50  Zealot  
  132  11:01  Observer  
  132  11:04  High Templar  
  132  11:05  High Templar  
  132  11:09  Zealot  
  132  11:10  Archon, Zealot x2  
  142  11:18  Zealot  
  142  11:21  Pylon  
  142  11:24  Nexus  
  144  11:26  High Templar, Pylon  
  144  11:27  High Templar  
  144  11:31  Zealot x3  
  144  11:32  Archon  
  154  11:37  Zealot x2  
  158  11:42  Pylon  
  158  11:48  High Templar x2, Zealot  
  158  11:51  Zealot x2  
  158  11:52  Archon  
  158  11:53  Zealot  
  170  12:01  Pylon  
  170  12:13  Zealot x6  
  170  12:15  Zealot  
  184  12:19  Zealot  
  184  12:22  Protoss Ground Weapons Level 3  
  172  12:24  Zealot x2  
  166  12:33  Phoenix  
  142  12:40  Stargate  
  142  12:41  Probe  
  142  12:42  Probe  
  136  12:45  Unknown  
  136  12:49  Warp Prism  
  138  12:51  Probe  
  138  12:53  Probe  
  138  12:54  Phoenix  
  138  12:56  Probe x2  
  142  12:59  High Templar x2  
  142  13:03  Archon  
  142  13:04  High Templar x2  
  142  13:05  Probe  
  153  13:08  Archon, Zealot  
  153  13:11  High Templar x2  
  159  13:14  Zealot  
  159  13:15  Archon  
  159  13:17  Zealot  
  159  13:19  Zealot  
  158  13:30  Phoenix  
  158  13:34  Zealot  
  141  13:41  High Templar x2, Shield Battery  
  135  13:42  Zealot x3  
  135  13:45  Zealot  
  135  13:46  Archon  
  147  13:48  High Templar x2  
  147  13:49  Zealot  
  147  13:53  Archon  
  147  13:55  Phoenix  
  155  13:56  Zealot  
  155  13:59  Shield Battery  
  157  14:04  Immortal  
  161  14:15  Zealot x2  
  165  14:17  High Templar  
  165  14:18  High Templar, Zealot x2  
  165  14:23  Archon, Zealot x2  
  175  14:25  Phoenix  
  175  14:31  Zealot  
  179  14:33  Phoenix  
  179  14:34  Blink, Zealot  
  183  14:43  Observer  
  183  14:44  Observer  
  174  14:49  High Templar x2, Zealot x2  
  174  14:50  Phoenix, Zealot x2  
  188  14:53  Archon, Zealot  
  188  14:58  Phoenix  
  192  15:04  Zealot  
  192  15:05  Observer, Zealot  
  197  15:15  Phoenix  
  199  15:26  Observer  
  194  15:29  Stalker, Zealot x3  
  194  15:33  Zealot  
  200  16:00  Nexus  
  200  16:03  High Templar x2, Zealot x2  
  199  16:06  Zealot  
  199  16:08  Archon  
  178  16:17  Zealot x4  
  178  16:18  Zealot  
Tags
 
Add a new tag
Caveats
  • Supply blocks, unpowered buildings, or Contaminate may cause inaccurate times.
  • Supply counts are checked every 10 seconds.